 Dungeon Crawl Stone Soup version 0.28.0-45-g0d030f2227 (webtiles) character file.

Game seed: 8078574099988706137

14182 zeratav the Martial Artist (level 12, -7/98 HPs)
             Began as an Octopode Transmuter on Apr 8, 2022.
             Was an Initiate of Ashenzari.
             Mangled by a two-headed ogre
             ... wielding a +0 giant club
              (12 damage)
             ... on level 11 of the Dungeon.
             The game lasted 00:54:40 (15530 turns).

zeratav the Martial Artist (Octopode Transmuter)   Turns: 15530, Time: 00:54:41

Health: -7/98      AC:  8    Str: 12    XL:     12   Next: 13%
Magic:  9/15       EV: 13    Int: 22    God:    Ashenzari [......]
Gold:   550        SH:  0    Dex: 14    Spells: 4/15 levels left

rFire   x . .      SeeInvis .     - Unarmed
rCold   + + +      Faith    .   (shield currently unavailable)
rNeg    . . .      Spirit   .   (helmet currently unavailable)
rPois   +          Reflect  .   m - amulet of Ashenzari's Mistrust {Acrobat, Melee, Evo} (curse)
rElec   .          Harm     .   b - +6 ring of intelligence
rCorr   .          Rampage  .   a - ring of wizardry
Will    .....                   r - ring of poison resistance
Stlth   +++.......              (no ring)
HPRegen 0.26/turn               (no ring)
MPRegen 0.14/turn               (no ring)
                                (no ring)
                                (no ring)

@: ice-form
A: freezing attack, boosted hp, almost no armour, amphibious, 8 rings, large,
(camouflage 1), (gelatinous body 1), (nimble swimmer 1), (tentacles), mutation
resistance 1
a: End Transformation, Renounce Religion, Curse Item, Shatter the Chains


You were on level 11 of the Dungeon.
You worshipped Ashenzari.
Ashenzari was noncommittal.
You were a creature of crystalline ice.
You visited 2 branches of the dungeon, and saw 13 of its levels.

You collected 550 gold pieces.


Innate Abilities, Weirdness & Mutations

You are a creature of crystalline ice.
You have a powerful freezing melee attack.
Your maximum health is increased.
Your armour is entirely melded.
You are incapable of wielding weapons or throwing items.
You cannot wear most types of armour.
You are amphibious.
You can wear up to eight rings at the same time.
((Your skin changes colour to match your surroundings (Stealth+).))
((Your rubbery body absorbs attacks. (AC +1, EV +1)))
((You are camouflaged when in or above water. (Stealth+)))
((You have tentacles for arms and can constrict up to eight enemies at once.))
You are somewhat resistant to further mutation.


   Skills:
 + Level 7.8 Fighting
 + Level 8.3 Dodging
 - Level 5.0 Stealth
 * Level 11.5(11.9) Unarmed Combat
 - Level 2.0 Spellcasting
 + Level 6.5 Transmutations
 + Level 6.1 Ice Magic
 + Level 6.7(7.1) Evocations


You had 4 spell levels left.
You knew the following spells:

 Your Spells              Type           Power      Damage    Failure   Level
a - Beastly Appendage     Tmut           62%        N/A       1%          1
b - Spider Form           Tmut/Pois      16%        N/A       4%          3
c - Ice Form              Ice/Tmut       30%        N/A       4%          4
d - Mephitic Cloud        Conj/Pois/Air  2%         N/A       16%         3

Your spell library contained the following spells:

 Spells                   Type           Power      Damage    Failure   Level
 Sting                    Tmut/Pois      64%        1d6       1%          1
 Wereblood                Tmut           31%        N/A       1%          2
 Ensorcelled Hibernation  Hex/Ice        30%        N/A       2%          2
 Animate Skeleton         Necr           4%         N/A       6%          1
 Magic Dart               Conj           8%         1d3       6%          1
 Pain                     Necr           8%         1d4       6%          1
 Call Imp                 Summ           2%         N/A       9%          2
 Poisonous Vapours        Pois/Air       4%         N/A       9%          2
 Sublimation of Blood     Necr           2%         N/A       9%          2
 Vampiric Draining        Necr           2%         2d6       16%         3
 Anguish                  Hex/Necr       1%         N/A       45%         4
 Cause Fear               Hex            1%         N/A       45%         4
 Olgreb's Toxic Radiance  Pois           2%         N/A       45%         4
 Dragon Form              Tmut           15%        N/A       95%         7
 Summon Hydra             Summ           1%         N/A       100%        7
 Dragon's Call            Summ           1%         N/A       100%        9

Inventory:

Hand Weapons
 d - a +2 dagger of venom {short}
   (You found it on level 1 of the Dungeon)
 n - the +7 rapier of Amorality (melded) {holy, Will++, short}
   (You found it on level 3 of the Dungeon)

   It has been blessed by the Shining One to cause great damage to the undead
   and demons.
   Will:      It greatly increases your willpower.
 w - the +6 hunting sling "Laoroc" {flame, Fly rElec rC+ Int-3, sling}
   (You found it on level 6 of the Dungeon)

   Any ammunition fired from it burns those it strikes, dealing additional fire
   damage.
   Int:       It affects your intelligence (-3).
   rC:        It protects you from cold.
   rElec:     It insulates you from electricity.
   Fly:       It grants you flight.
Jewellery
 a - a ring of wizardry (right front paw)
   (You found it on level 4 of the Dungeon)
 b - a +6 ring of intelligence (left front paw)
   (You found it on level 1 of the Dungeon)
 m - the cursed amulet of Ashenzari's Mistrust (around neck) {Acrobat, Melee, Evo}
   (You found it on level 3 of the Dungeon)

   [amulet of the acrobat]

   It increases your evasion while moving and waiting.
   It has a curse which improves the following skills: Melee Combat: Short
   Blades, Long Blades, Axes, Maces & Flails, Polearms, Staves and Unarmed
   Combat.
   Evocations: Evocations.
 r - a ring of poison resistance (on tentacle)
   (You found it on level 10 of the Dungeon)
 y - an amulet of the acrobat
   (You found it on level 7 of the Dungeon)
Wands
 c - a wand of iceblast (34)
   (You found it on level 4 of the Dungeon)
 k - a wand of digging (10)
   (You found it on level 2 of the Dungeon)
 s - a wand of flame (48)
   (You found it on level 5 of the Dungeon)
 v - a wand of acid (14)
   (You found it on level 6 of the Dungeon)
 C - a wand of charming (10)
   (You found it on level 8 of the Dungeon)
 E - a wand of paralysis (7)
   (You found it on level 8 of the Dungeon)
Scrolls
 e - 2 scrolls of teleportation {@r4}
 p - 3 scrolls of fog
 q - a scroll of holy word
 u - a scroll of enchant weapon
 x - a scroll of immolation {!r!r}
 z - 3 scrolls of identify {@r1}
 B - a scroll of fear
 D - 2 scrolls of enchant armour
Potions
 f - a potion of brilliance
 h - 2 potions of haste {@q3}
 i - 4 potions of attraction {!q}
 j - 2 potions of ambrosia
 l - a potion of berserk rage {!q}
 o - 2 potions of lignification {!q}
 t - 2 potions of curing {@q1}
 A - a potion of flight {unknown}

Dungeon Overview and Level Annotations

Branches:
Dungeon (12/15)            Temple (1/1) D:5            Lair (0/6) D:11
    Orc: D:9-12

Altars:
Ashenzari
Cheibriados
Dithmenos
Elyvilon
Fedhas
Gozag
Hepliaklqana
Kikubaaqudgha
Makhleb
Nemelex Xobeh
Okawaru
Qazlal
Ru
Sif Muna
Trog
Uskayaw
Vehumet
Wu Jian
Xom
Yredelemnul
Zin
The Shining One

Shops:
D:4 !   D:11 *

Annotations:
D:9 Gastronok

#..............l>
#......l....P....
#................
#[.....>.#.......
#........#.......
#......h.##...♣...
#######h## #...... #O#
##... #Y## #.##
#.)####..# #. ##......#
#. ###.......# #.
#####...##.##.## #.
#.......#...#..## #.
#...............# #.
#........._.....#######.
#...(...................


You could see a two-headed ogre, a basilisk (confused) and 2 wolves.


Message History

Read: 2 scrolls of fear
Press: ? - help, Q - select action, (/) - cycle Dir - look around, f - activate
Okay, then.
As you read the scroll of fear, it crumbles to dust.
You assume a fearsome visage.
The wolf looks frightened!
The basilisk looks frightened!
The two-headed ogre easily resists.
The ogre looks frightened!
You feel much better.
The two-headed ogre hits something with a +0 giant club!!
The two-headed ogre hits something with a +0 giant spiked club!
Reactivating autopickup.
You feel a bit more experienced.
HP[+21]
You regained 21 hp, and now have 30/98 hp.
The two-headed ogre seems less confused.
There is a stone staircase leading down here.
You climb downwards.
There is a stone staircase leading up here.
HP[+1]
You start resting.
Your transformation is almost over.
You warm up again.
The +7 rapier of Amorality {holy, Will++, short} unmelds from your body.
The +7 rapier of Amorality {holy, Will++, short} softly glows with a divine radiance!
HP[+14] MP[+13]
You now have 82 max hp (-16).
You regained 14 hp, and now have 45/82 hp.
Your mp is fully restored (15).
You start resting.
HP[+37]
Your hp is fully restored (82).
Casting: Mephitic Cloud (dangerous; 16% risk of failure)
Confirm with . or Enter, or press ? or * to list all spells.
You turn into a creature of crystalline ice.
The +7 rapier of Amorality {holy, Will++, short} melds into your body.
The +7 rapier of Amorality {holy, Will++, short} stops glowing.
HP[+16] MP[-4]
You now have 98 max hp (+16).
Your hp is fully restored (98).
You lost 4 mp, and now have 11/15 mp.
You climb upwards.
The wolf bites you but does no damage. The two-headed ogre closely misses you.
The two-headed ogre completely misses you.
The wolf bites you but does no damage.
There is a stone staircase leading down here.
The wolf howls!
You pummel the two-headed ogre!! You freeze the two-headed ogre.
The wolf closely misses you.
The two-headed ogre hits you with a +0 giant club!!
The two-headed ogre hits you with a +0 giant spiked club!
The wolf bites you.
HP[-39]
You take 39 damage, and now have 59/98 hp.
MASSIVE DAMAGE!! (PAUSE)
You pummel the two-headed ogre!! You freeze the two-headed ogre!
The basilisk gazes at you. You resist with some effort.
The wolf barely misses you.
The two-headed ogre hits you with a +0 giant club!!
* * * LOW HITPOINT WARNING * * *
The two-headed ogre hits you with a +0 giant spiked club!
* * * LOW HITPOINT WARNING * * *
HP[-38]
You take 38 damage, and now have 21/98 hp.
MASSIVE DAMAGE!! (PAUSE)
Casting: Ice Form (dangerous; 4% risk of failure)
Confirm with . or Enter, or press ? or * to list all spells.
Aiming: Mephitic Cloud (dangerous; 16% risk of failure)
Press: ? - help, Shift-Dir - straight line The ball explodes into a vile cloud!
The stinking cloud engulfs the basilisk but does no damage.
The stinking cloud engulfs the two-headed ogre but does no damage.
The wolf barely misses you.
The basilisk is engulfed in noxious fumes.
The basilisk appears confused.
The wolf barely misses you.
MP[-3]
You lost 3 mp, and now have 8/15 mp.
The wolf misses you.
The basilisk is engulfed in noxious fumes.
HP[+1] MP[+1]
The wolf bites you but does no damage. The wolf closely misses you.
The wolf closely misses you.
There is an open door, spattered with blood here.
You see here a wyvern skeleton.
The wolf completely misses you.
Things that are here:
a +0 giant spiked club {mace}; a +0 giant spiked club {mace}; a two-headed ogre skeleton You completely miss the ogre.
The ogre hits you with a +0 giant club!!
* * * LOW HITPOINT WARNING * * *
The basilisk bites itself.
HP[-17]
You take 17 damage, and now have 5/98 hp.
You punch the ogre! You freeze the ogre. You punch the ogre!
You freeze the ogre.
You kill the ogre!
Items here: )) = [.
Okay, then.
You hit the two-headed ogre. You freeze the two-headed ogre.
The two-headed ogre barely misses you.
The two-headed ogre hits you with a +0 giant spiked club!
You die...

Skill      XL: |  1  2  3  4  5  6  7  8  9 10 11 12 |
---------------+-------------------------------------+-----
Stealth        | 1 2 3 4 5 |  5.0
Unarmed Combat | 4 5 6 7 8 10 11 | 11.5
Fighting       | 2 3 4 5 6 7 |  7.8
Dodging        | 3 4 5 6 7 8 |  8.3
Evocations     | 1 3 5 6 |  6.7
Ice Magic      | 1 3 4 5 6 |  6.1
Transmutations | 3 5 6 |  6.5
Spellcasting   | |  2.0

Action                   |  1- 3 |  4- 6 |  7- 9 | 10-12 || total
-------------------------+-------+-------+-------+-------++-------
Melee: Unarmed           |    36 |    45 |   156 |   282 ||   519
       Tentacles         |    14 |     3 |     6 |     2 ||    25
       Kick              |    12 |     4 |       |       ||    16
       Dagger            |    56 |     8 |       |       ||    64
       Constrict         |    19 |    11 |     4 |     1 ||    35
       Punch             |     2 |     2 |     2 |       ||     6
       Rapier            |       |    39 |    28 |     8 ||    75
 Cast: Beastly Appendage |    24 |     8 |       |       ||    32
       Spider Form       |     2 |    11 |    24 |     1 ||    38
       Ice Form          |       |       |    10 |    46 ||    56
       Mephitic Cloud    |       |       |     7 |    22 ||    29
Invok: Curse Item        |       |       |     1 |       ||     1
 Abil: End Transformatio |       |       |     1 |     2 ||     3
Evoke: Wand              |       |       |       |     3 ||     3
  Use: Scroll            |       |    13 |       |     9 ||    22
       Potion            |       |       |     1 |     9 ||    10
 Stab: Sleeping          |     6 |    13 |     4 |       ||    23
       Distracted        |       |       |     1 |       ||     1
       Confused          |       |       |     2 |     6 ||     8
Armor: Skin              |    15 |     3 |    16 |    58 ||    92
Dodge: Dodged            |    48 |    59 |   151 |   234 ||   492

Levels and vault maps discovered:
D:1:      minmay_arrival_stone_box, layout_loops_ring
D:2:      layout_basic, ebering_ecumenical_altar_hall, basic_altar,
          serial_park_tiny_1, kennysheep_generic_room_2
D:3:      kb_forest_paths, layout_basic
D:4:      layout_basic, serial_shops, nicolae_shop_hallway_plus,
          minmay_misc_feat_five, dk_noncrumbling_2
D:5:      layout_loops_ring, temple_fountains
D:6:      minmay_general_purpose_star, layout_loops_corners, uniq_pikel
D:7:      layout_rooms, nicolae_underground_beach, uniq_prince_ribbit1,
          uniq_menkaure, uniq_duvessa
D:8:      layout_basic
D:9:      layout_loops_ring, mainiacjoe_overflow_alcove_4, uniq_erica,
          uniq_psyche, uniq_erolcha, uniq_gastronok
D:10:     layout_irregular_city, introduction_to_nature_1
D:11:     layout_roguey, minmay_lair_entry_grove, roderic_filled_cross,
          nicolae_transmutations_shop, okawaru_gym_becter
D:12:     minmay_the_grid_triangle_9x9_recursive_2
          [minmay_the_grid_triangle_9x9_prize_center,
          minmay_the_grid_triangle_9x9_sparse_checkered,
          minmay_the_grid_triangle_9x9_cache,
          minmay_the_grid_triangle_9x9_sprig], layout_loops_ring, david_orc_4
Temple:   nicolae_temple_the_god_donut

Notes
Turn   | Place    | Note
-------+----------+-------------------------------------------
     0 | D:1      | zeratav the Octopode Transmuter began the quest for the
                  | Orb.
     0 | D:1      | Reached XP level 1. HP: 13/13 MP: 3/3
     0 | D:1      | magus.rc [v1.9.6]
   197 | D:1      | Reached XP level 2. HP: 18/18 MP: 3/5
   298 | D:1      | Reached skill level 1 in Stealth
  1057 | D:1      | Reached XP level 3. HP: 23/23 MP: 4/6
  1244 | D:2      | Found an iron altar of Okawaru.
  1778 | D:2      | Found a faded altar of an unknown god.
  2066 | D:3      | Learned a level 3 spell: Spider Form
  2366 | D:3      | Reached skill level 2 in Stealth
  2366 | D:3      | Reached XP level 4. HP: 23/29 MP: 4/7
  2685 | D:3      | Identified the +7 rapier of Amorality {holy, Will++}
  2877 | D:3      | You pick up a book of Necromancy and begin reading...
  2877 | D:3      | You add the spells Pain, Animate Skeleton and Vampiric
                  | Draining to your library.
  2946 | D:3      | Reached skill level 4 in Unarmed Combat
  3035 | D:3      | You pick up a book of Minor Magic and begin reading...
  3035 | D:3      | You add the spells Magic Dart, Call Imp and Mephitic Cloud
                  | to your library.
  3264 | D:4      | Found Rekoxit's Distillery.
  3269 | D:4      | HP: 6/29 [something/magic dart (8)]
  3663 | D:4      | Reached skill level 2 in Fighting
  3663 | D:4      | Reached XP level 5. HP: 24/34 MP: 6/8
  3710 | D:4      | HP: 6/34 [orc wizard/magic dart (5)]
  4045 | D:4      | Noticed a necrophage
  4054 | D:4      | Learned a level 4 spell: Ice Form
  4066 | D:4      | Killed a necrophage
  4067 | D:4      | Reached skill level 3 in Dodging
  4067 | D:4      | Reached skill level 3 in Stealth
  4067 | D:4      | Reached XP level 6. HP: 41/41 MP: 6/9
  4492 | D:5      | Entered Level 5 of the Dungeon
  4595 | D:5      | Found a staircase to the Ecumenical Temple.
  4610 | D:5      | Reached skill level 5 in Unarmed Combat
  4624 | Temple   | Entered the Ecumenical Temple
  5003 | Temple   | Became a worshipper of Ashenzari the Shackled
  5534 | D:6      | Reached skill level 3 in Fighting
  5534 | D:6      | Reached skill level 4 in Stealth
  5697 | D:6      | Reached XP level 7. HP: 40/46 MP: 6/10
  5720 | D:6      | Noticed Pikel
  5910 | D:6      | Killed Pikel
  5911 | D:6      | Reached skill level 4 in Fighting
  5911 | D:6      | Reached skill level 4 in Dodging
  5911 | D:6      | Reached skill level 5 in Stealth
  5911 | D:6      | Reached skill level 6 in Unarmed Combat
  5911 | D:6      | Reached XP level 8. HP: 21/54 MP: 3/11
  5923 | D:6      | HP: 8/54 [ice beast (12)]
  6256 | D:6      | Reached skill level 5 in Dodging
  6349 | D:6      | Reached skill level 7 in Unarmed Combat
  6731 | D:6      | Identified the +6 hunting sling "Laoroc" {flame, Fly rElec
                  | rC+ Int-3}
  7399 | D:7      | You pick up a book of the Dragon and begin reading...
  7399 | D:7      | You add the spells Cause Fear, Dragon Form and Dragon's
                  | Call to your library.
  7404 | D:7      | Learned a level 3 spell: Mephitic Cloud
  7585 | D:7      | Noticed Menkaure
  7589 | D:7      | Reached skill level 1 in Evocations
  7593 | D:7      | Reached skill level 1 in Ice Magic
  7593 | D:7      | Reached XP level 9. HP: 39/60 MP: 9/12
  7646 | D:7      | Killed Menkaure
  7647 | D:7      | Reached skill level 5 in Fighting
  7721 | D:7      | Reached skill level 8 in Unarmed Combat
  7825 | D:7      | Noticed Duvessa
  7827 | D:7      | Noticed Dowan
  7891 | D:7      | Reached skill level 2 in Evocations
  7921 | D:7      | Reached skill level 3 in Transmutations
  7939 | D:7      | Killed Duvessa
  7940 | D:7      | Reached skill level 2 in Ice Magic
  7942 | D:7      | Killed Dowan
  7943 | D:7      | Reached skill level 6 in Dodging
  8075 | D:7      | Noticed Prince Ribbit
  8082 | D:7      | Killed Prince Ribbit
  8690 | D:8      | Reached skill level 3 in Evocations
  9208 | D:8      | Noticed a hornet
  9213 | D:8      | Killed a hornet
  9214 | D:8      | Reached skill level 3 in Ice Magic
  9214 | D:8      | Reached XP level 10. HP: 68/68 MP: 1/13
  9538 | D:8      | You pick up a book of Dreams and begin reading...
  9538 | D:8      | You add the spells Ensorcelled Hibernation and Anguish to
                  | your library.
  9705 | D:9      | Identified a +2 robe of the Archmagi
  9705 | D:9      | Noticed Erica
  9714 | D:9      | HP: 20/81 [water moccasin (5)]
 10252 | D:9      | Noticed Gastronok
 10252 | D:9      | Gastronok the Ponderous comes into view. He is wearing the
                  | +3 hat of Pondering {ponderous, Will+ MP+10 Int+5}.
 10452 | D:9      | Reached skill level 9 in Unarmed Combat
 10452 | D:9      | Reached skill level 4 in Transmutations
 10994 | D:9      | Aim: Gastronok, wearing the +3 hat of Pondering {ponderous,
                  | Will+ MP+10 Int+5} (chance to affect: 5%)
 10994 | D:9      | Aim: Gastronok, wearing the +3 hat of Pondering {ponderous,
                  | Will+ MP+10 Int+5} (chance to affect: 5%)
 11237 | D:8      | Killed Erica
 11238 | D:8      | Reached skill level 6 in Fighting
 11238 | D:8      | Reached skill level 4 in Evocations
 11625 | D:9      | Found a radiant altar of Vehumet.
 11929 | D:9      | Noticed Erolcha
 11940 | D:9      | Killed Erolcha
 11988 | D:9      | Reached skill level 4 in Ice Magic
 12281 | D:9      | Noticed Psyche
 12295 | D:9      | Killed Psyche
 12296 | D:9      | Reached skill level 7 in Dodging
 12461 | D:9      | Gained mutation: You are clumsy. (Dex -2) [potion of
                  | mutation]
 12461 | D:9      | Gained mutation: Your body sometimes deteriorates upon
                  | taking damage. [potion of mutation]
 12461 | D:9      | Gained mutation: You are robust. (+10% HP) [potion of
                  | mutation]
 12462 | D:9      | Lost mutation: Your body sometimes deteriorates upon taking
                  | damage. [potion of mutation]
 12462 | D:9      | Lost mutation: You are robust. (+10% HP) [potion of
                  | mutation]
 12462 | D:9      | Gained mutation: You expend magic power (3 MP) to
                  | strengthen your wands. [potion of mutation]
 12462 | D:9      | Gained mutation: You have an increased reservoir of magic.
                  | (+10% MP) [potion of mutation]
 12462 | D:9      | Gained mutation: You are somewhat resistant to further
                  | mutation. [potion of mutation]
 12480 | D:10     | Entered Level 10 of the Dungeon
 12595 | D:10     | Lost mutation: You have an increased reservoir of magic.
                  | (+10% MP) [potion of mutation]
 12595 | D:10     | Lost mutation: You are clumsy. (Dex -2) [potion of
                  | mutation]
 12595 | D:10     | Lost mutation: You expend magic power (3 MP) to strengthen
                  | your wands. [potion of mutation]
 12615 | D:10     | Reached skill level 5 in Transmutations
 12634 | D:10     | Noticed a two-headed ogre
 12645 | D:10     | Killed a two-headed ogre
 12646 | D:10     | Reached skill level 10 in Unarmed Combat
 12646 | D:10     | Reached skill level 5 in Evocations
 12646 | D:10     | Reached XP level 11. HP: 63/74 MP: 4/14
 12964 | D:10     | Reached skill level 7 in Fighting
 13405 | D:10     | You add the spells Sting, Poisonous Vapours and Olgreb's
                  | Toxic Radiance to your library.
 13957 | D:11     | Noticed a two-headed ogre
 13959 | D:11     | Found Xymeapt's Changing Room.
 13959 | D:11     | Noticed an ogre mage
 13959 | D:11     | Noticed a two-headed ogre
 13960 | D:11     | Paralysed by an ogre mage for 3 turns
 14033 | D:11     | Reached skill level 5 in Ice Magic
 14453 | D:11     | You pick up a book of Blood and begin reading...
 14453 | D:11     | You add the spells Sublimation of Blood and Summon Hydra to
                  | your library.
 14918 | D:11     | Noticed a centaur warrior
 14921 | D:11     | Reached skill level 6 in Evocations
 14926 | D:11     | Killed a centaur warrior
 14927 | D:11     | Reached skill level 11 in Unarmed Combat
 14927 | D:11     | Reached skill level 6 in Transmutations
 15001 | D:11     | Reached skill level 8 in Dodging
 15115 | D:11     | Found an iron altar of Okawaru.
 15225 | D:11     | Found a staircase to the Lair.
 15253 | D:11     | Killed a two-headed ogre
 15254 | D:11     | Reached XP level 12. HP: 59/82 MP: 9/15
 15263 | D:11     | HP: 21/98 [something (15)]
 15264 | D:11     | Reached skill level 6 in Ice Magic
 15264 | D:11     | HP: 9/98 [something (12)]
 15266 | D:11     | Killed an ogre mage
 15520 | D:11     | HP: 21/98 [two-headed ogre/+0 giant club (13)]
 15526 | D:11     | HP: 5/98 [ogre/+0 giant club (18)]
 15530 | D:11     | Mangled by a two-headed ogre

Vanquished Creatures
  An ogre mage (D:11)
  A centaur warrior (D:11)
  Erica (D:8)
  Erolcha (D:9)
  2 two-headed ogres
  Pikel (D:6)
  A centaur zombie (D:11)
  A gargoyle (D:11)
  Psyche (D:9)
  An unseen horror (D:11)
  A komodo dragon (D:10)
  2 trolls
  A hornet (D:8)
  Prince Ribbit (D:7)
  2 shadows
  A wraith (D:10)
  3 wyverns
  11 yaks
  A basilisk (D:11)
  Menkaure (D:7)
  4 vampire mosquitoes (D:11)
  6 water moccasins
  Duvessa (D:7)
  An orc warrior (D:7)
  An ice beast (D:6)
  3 necrophages
  11 centaurs
  3 ogres
  3 lemures (D:6)
  A kobold brigand (D:6)
  A bullfrog (D:6)
  A gnoll sergeant (D:10)
  3 scorpions
  A wyvern skeleton (D:6)
  A water moccasin skeleton (D:6)
  Dowan (D:7)
  9 killer bees
  2 oklob saplings (D:10)
  12 wights
  5 howler monkeys
  A jelly (D:8)
  4 bullfrog skeletons
  2 orc priests
  A gnoll shaman (D:7)
  An iguana (D:6)
  8 orc wizards
  A howler monkey zombie (D:8)
  8 gnolls
  10 adders
  A shadow imp (D:6)
  A white imp (D:6)
  An ufetubus (D:6)
  3 worms
  A dart slug (D:1)
  27 orcs
  7 endoplasms
  4 giant cockroaches
  4 goblins
  9 hobgoblins
  3 jackals
  13 kobolds
  2 quokkas
  16 ball pythons
  9 bats
  5 frilled lizards
  7 rats
254 creatures vanquished.

Vanquished Creatures (others)
  A shadow (D:11)
  A bush (D:11)
  A fungus (D:11)
  31 plants
34 creatures vanquished.

Grand Total: 288 creatures vanquished

Table legend:
 A = Non-vault XP
 B = Vault XP
 C = Vault XP percentage of total XP
 D = Non-vault monster count
 E = Vault monster count
 F = Vault count percentage of total count
                 A         B        C        D         E       F
            +---------+---------+-------+---------+---------+-------
      Total |   15014 |    5246 |  25.9 |     206 |      46 |  18.3
            +---------+---------+-------+---------+---------+-------
        D:1 |      35 |       0 |   0.0 |      21 |       0 |   0.0
        D:2 |      21 |      12 |  36.4 |      15 |       3 |  16.7
        D:3 |      43 |      14 |  24.6 |      19 |       6 |  24.0
        D:4 |     225 |       0 |   0.0 |      14 |       0 |   0.0
        D:5 |     143 |       0 |   0.0 |       4 |       0 |   0.0
        D:6 |     535 |    1046 |  66.2 |      18 |       7 |  28.0
        D:7 |    1177 |     640 |  35.2 |      21 |       4 |  16.0
        D:8 |     881 |     834 |  48.6 |      21 |       1 |   4.5
        D:9 |    1077 |    1213 |  53.0 |      27 |       2 |   6.9
       D:10 |    3479 |     503 |  12.6 |      19 |      17 |  47.2
       D:11 |    7398 |     984 |  11.7 |      27 |       6 |  18.2
            +---------+---------+-------+---------+---------+-------

Illustrated notes

Table legend:
 A = Kills in this place as a percentage of kills in entire the game.
 B = Kills by you in this place as a percentage of kills by you in the entire game.
 C = Kills by friends in this place as a percentage of kills by friends in the entire game.
 D = Other kills in this place as a percentage of other kills in the entire game.
 E = Experience gained in this place as a percentage of experience gained in the entire game.
 F = Experience gained in this place divided by the number of levels of this place that you have seen.
                   A       B       C       D       E      F
               +-------+-------+-------+-------+-------+----------------------
         Total | 100.0 | 100.0 |   N/A | 100.0 | 100.0 | 1558.5
       Dungeon | 100.0 | 100.0 |   N/A | 100.0 | 100.0 | 1688.3
               +-------+-------+-------+-------+-------+----------------------

Table legend: (Time is in decaauts)
 A = Elapsed time spent in this place.
 B = Non-inter-level travel time spent in this place.
 C = Inter-level travel time spent in this place.
 D = Time resting spent in this place.
 E = Time spent auto-exploring this place.
 F = Levels seen in this place.
 G = Mean time per level.
                   A        B        C        D        E       F      G
               +--------+--------+--------+--------+--------+-----+--------+
         Total |  15483 |  14275 |   1208 |   5423 |   4304 |  13 | 1191.0 |
       Dungeon |  15091 |  13934 |   1157 |   5423 |   3982 |  12 | 1257.6 |
        Temple |    392 |    341 |     51 |      0 |    322 |   1 |  392.0 |
               +--------+--------+--------+--------+--------+-----+--------+

Top non-repeatable levels by time:
     D:8: 2766 daAuts
    D:10: 1866 daAuts
     D:6: 1865 daAuts
     D:3: 1440 daAuts
     D:7: 1221 daAuts
     D:1: 1158 daAuts
     D:9: 1088 daAuts
     D:4: 1005 daAuts
    D:11: 906 daAuts
     D:2: 888 daAuts
     D:5: 634 daAuts
  Temple: 392 daAuts
    D:12: 246 daAuts
